 Dungeon Crawl Stone Soup version 0.30-a0-177-g1cb5dbfd7a (webtiles) character file.

Game seed: 8236132103580918861

2830 themarg the Martial Artist (level 9, -7/91 HPs)
             Began as a Gnoll Transmuter on Oct 3, 2022.
             Was a Believer of Hepliaklqana.
             Mangled by a gargoyle
             ... wielding a +0 morningstar
              (20 damage)
             ... in a bailey.
             The game lasted 00:19:24 (5534 turns).

themarg the Martial Artist (Gnoll Transmuter)       Turns: 5534, Time: 00:19:24

Health: -7/91      AC: 24    Str: 10    XL:     9   Next: 73%
Magic:  19/19      EV:  2    Int: 17    God:    Hepliaklqana [**....]
Gold:   273        SH:  0    Dex: 12    Spells: 12/21 levels left

rFire   . . .      SeeInvis .    d - +0 short sword
rCold   . . .      Faith    .    (no shield)
rNeg    . . .      Spirit   .    (body armour currently unavailable)
rPois   +          Reflect  .    (helmet currently unavailable)
rElec   .          Harm     .    (cloak currently unavailable)
rCorr   .          Rampage  .    (gloves currently unavailable)
Will    .....      NoTele   +    (boots currently unavailable)
Stlth   +++.......               (no amulet)
HPRegen 0.35/turn                n - ring of poison resistance
MPRegen 0.16/turn                (no ring)

@: tree-form
A: stationary, stasis, torment immunity, boosted hp, reduced essence, (fangs 1),
strong nose, distributed training
a: Renounce Religion, Recall Ancestor, Ancestor Identity


You were in a bailey.
You worshipped Hepliaklqana.
Hepliaklqana was pleased with you.
You were a tree.
You visited 1 branch of the dungeon, and saw 7 of its levels.
You also visited: Bailey.

You collected 306 gold pieces.
You spent 33 gold pieces at shops.

Inventory:

Hand Weapons
 d - a +0 short sword (weapon)
 s - the +8 whip of Jevud {holy, Int+2 Dex+2}
   (You found it on level 4 of the Dungeon)

   It has been blessed by the Shining One to cause great damage to the undead
   and demons.
   Int:       It affects your intelligence (+2).
   Dex:       It affects your dexterity (+2).
Missiles
 u - a throwing net
Armour
 a - a +0 robe (melded)
 q - a +0 tower shield
 x - +0 gold dragon scales
Magical Staves
 f - a staff of conjuration
Jewellery
 n - a ring of poison resistance (left branch)
Wands
 r - a wand of polymorph (9)
Scrolls
 c - 3 scrolls of vulnerability
 e - a scroll of magic mapping
 h - a scroll of blinking
 i - a scroll of butterflies {unknown}
 k - 2 scrolls of enchant weapon {unknown}
 l - 2 scrolls of noise
 m - 3 scrolls of enchant armour
 v - a scroll of teleportation {unknown}
Potions
 g - a potion of cancellation
 j - a potion of curing
 o - 3 potions of degeneration
 p - 2 potions of haste
 t - 2 potions of heal wounds
 w - a potion of might {unknown}
 z - a potion of magic {unknown}


   Skills:
 + Level 5.4 Fighting
 + Level 4.7 Short Blades
 + Level 4.7 Long Blades
 + Level 4.7 Axes
 + Level 4.7 Maces & Flails
 + Level 4.7 Polearms
 + Level 4.7 Staves
 + Level 4.7 Ranged Weapons
 + Level 4.7 Throwing
 + Level 4.7 Armour
 + Level 6.6 Dodging
 + Level 4.7 Stealth
 + Level 4.7 Shields
 + Level 8.1 Unarmed Combat
 + Level 6.9 Spellcasting
 + Level 3.9 Conjurations
 + Level 3.9 Hexes
 + Level 3.9 Summonings
 + Level 3.9 Necromancy
 + Level 3.9 Translocations
 + Level 5.5 Transmutations
 + Level 3.9 Fire Magic
 + Level 3.9 Ice Magic
 + Level 3.9 Air Magic
 + Level 3.9 Earth Magic
 + Level 3.9 Poison Magic
 + Level 5.2 Invocations
 + Level 4.7 Evocations


You had 12 spell levels left.
You knew the following spells:

 Your Spells              Type           Power      Damage    Failure   Level
a - Beastly Appendage     Tmut           48%        N/A       1%          1
b - Wereblood             Tmut           24%        N/A       1%          2
c - Spider Form           Tmut/Pois      21%        N/A       4%          3
d - Swiftness             Air            19%        N/A       7%          3

Your spell library contained the following spells:

 Spells                   Type           Power      Damage    Failure   Level
 Passwall                 Tmut/Erth      17%        N/A       2%          2
 Ensorcelled Hibernation  Hex/Ice        38%        N/A       3%          2
 Ozocubu's Armour         Ice            19%        N/A       7%          3
 Ice Form                 Ice/Tmut       21%        N/A       17%         4
 Metabolic Englaciation   Hex/Ice        9%         N/A       54%         5
 Simulacrum               Ice/Necr       9%         N/A       98%         6
 Borgnjor's Revivificati  Necr           9%         N/A       100%        8
 Necromutation            Tmut/Necr      10%        N/A       100%        8
 Death's Door             Necr           9%         N/A       100%        9


Dungeon Overview and Level Annotations

Branches:
Dungeon (7/15)             Temple (0/1) D:7          Bailey (1/1)

Altars:
Cheibriados
Fedhas
Hepliaklqana
Trog
Uskayaw

Shops:
D:2 !   D:4 [

Annotations:
D:5 exclusion: oklob plant


Innate Abilities, Weirdness & Mutations

You are a tree.
Your roots penetrate the ground, keeping you stationary.
You cannot be teleported.
You are immune to unholy pain and torment.
Your maximum health is greatly increased.
Your equipment is partially melded.
Your life essence is reduced to manifest your ancestor. (-10% HP)
((You have very sharp teeth.))
Your uncanny sense of smell can sniff out nearby items.
Your experience applies equally to all skills.


Message History

The gargoyle completely misses you.
You hit the gargoyle but do no damage.
The gargoyle is lightly damaged.
You bite the gargoyle!
The gargoyle is severely damaged.
The gargoyle hurls a stone arrow at you.
The stone arrow hits you!
You hit the gargoyle but do no damage.
The gargoyle is severely damaged.
The gargoyle hurls a stone arrow at you.
The stone arrow misses you.
Okay, then.
Really quaff the potion of lignification?
Your transformation has ended.
Your +0 short sword unmelds from your body.
Your +0 robe unmelds from your body.
You turn into a tree.
Your +0 robe melds into your body.
Your roots penetrate the ground.
You hit the gargoyle but do no damage.
The gargoyle is severely damaged.
The gargoyle hits you with a +0 morningstar!
You hit the gargoyle but do no damage.
The gargoyle is severely damaged.
You hit the gargoyle but do no damage.
The gargoyle is severely damaged.
The gargoyle hits you with a +0 morningstar!
* * * LOW HITPOINT WARNING * * *
You hit the gargoyle but do no damage.
The gargoyle is severely damaged.
You barely miss the gargoyle.
You punch the gargoyle, but do no damage.
The gargoyle is severely damaged.
The gargoyle hits you with a +0 morningstar!
* * * LOW HITPOINT WARNING * * *
You hit the gargoyle but do no damage.
The gargoyle is severely damaged.
The gargoyle is no longer moving slowly.
You hit the gargoyle but do no damage.
The gargoyle is severely damaged.
The gargoyle hits you with a +0 morningstar!!
You die...

#÷..#...........#....#....
#.÷.#...........#....#....
#.÷)#...........#..#'##'#♣
#####.......)...#))#....#
#........#...####....#
#.......####....'....#
#8.....##..##...'....#
#########....#...#R...#
#.....9♣.........#....#
#......)..#).....#'####
###++##...##....8#).#
##...#######.)# ##....
#.)# #8.... #..# #######
####


You could see a gargoyle.

Vanquished Creatures
  Sigmund (D:4)
  Edmund (D:6)
  4 water moccasins
  An orc warrior (D:6)
  2 sky beasts
  2 black bears
  An ice beast (D:5)
  An ogre (D:4)
  A bullfrog (D:6)
  4 scorpions
  5 vampire bats (Bailey)
  3 wolf zombies (Bailey)
  A jelly (D:6)
  2 hounds
  A gnoll bouda (D:6)
  Natasha (thrice) (D:2)
  Terence (D:3)
  3 iguanas (D:5)
  An orc wizard (D:6)
  2 gnolls (D:6)
  9 adders
  A worm (D:3)
  A dart slug (D:3)
  6 orcs
  2 endoplasms (D:3)
  2 giant cockroaches (D:2)
  5 hobgoblins
  3 jackals (D:4)
  2 quokkas
  A ball python (D:1)
  5 bats
  3 frilled lizards (D:3)
  9 goblins
  2 kobolds (D:1)
  14 orc zombies (Bailey)
  6 rats
111 creatures vanquished.

Vanquished Creatures (collateral kills)
  An ice beast (D:5)
  3 vampire bats (Bailey)
  A howler monkey (D:6)
  A hound (D:5)
  An orc wizard (D:5)
  2 gnolls (D:6)
  5 orc zombies (Bailey)
  An adder (D:6)
  2 ufetubi
  An orc (D:6)
18 creatures vanquished.

Vanquished Creatures (others)
  2 hexers (Bailey)
  A plant (D:1)
3 creatures vanquished.

Grand Total: 132 creatures vanquished

Notes
Turn   | Place    | Note
-------+----------+-------------------------------------------
     0 | D:1      | themarg the Gnoll Transmuter began the quest for the Orb.
     0 | D:1      | Reached XP level 1. HP: 17/17 MP: 6/6
   122 | D:1      | Found a faded altar of an unknown god.
   279 | D:1      | Reached XP level 2. HP: 22/23 MP: 5/7
   331 | D:1      | Learned a level 2 spell: Wereblood
   703 | D:2      | Reached skill level 5 in Spellcasting
   703 | D:2      | Reached XP level 3. HP: 28/28 MP: 6/9
   707 | D:2      | Learned a level 3 spell: Spider Form
   779 | D:2      | Noticed Natasha
   787 | D:2      | Killed Natasha
   788 | D:2      | Reached skill level 1 in Short Blades
   788 | D:2      | Reached skill level 1 in Long Blades
   788 | D:2      | Reached skill level 1 in Axes
   788 | D:2      | Reached skill level 1 in Maces & Flails
   788 | D:2      | Reached skill level 1 in Polearms
   788 | D:2      | Reached skill level 1 in Staves
   788 | D:2      | Reached skill level 1 in Ranged Weapons
   788 | D:2      | Reached skill level 1 in Throwing
   788 | D:2      | Reached skill level 1 in Armour
   788 | D:2      | Reached skill level 1 in Stealth
   788 | D:2      | Reached skill level 1 in Shields
   788 | D:2      | Reached skill level 1 in Invocations
   788 | D:2      | Reached skill level 1 in Evocations
   838 | D:2      | Found Ynnapev's Distillery.
   845 | D:2      | Bought a potion of curing for 33 gold pieces
   935 | D:2      | Noticed Natasha
   944 | D:2      | Killed Natasha
   945 | D:2      | Reached XP level 4. HP: 26/34 MP: 7/11
   951 | D:2      | Reached skill level 1 in Conjurations
   951 | D:2      | Reached skill level 1 in Hexes
   951 | D:2      | Reached skill level 1 in Summonings
   951 | D:2      | Reached skill level 1 in Necromancy
   951 | D:2      | Reached skill level 1 in Translocations
   951 | D:2      | Reached skill level 1 in Fire Magic
   951 | D:2      | Reached skill level 1 in Ice Magic
   951 | D:2      | Reached skill level 1 in Air Magic
   951 | D:2      | Reached skill level 1 in Earth Magic
   951 | D:2      | Reached skill level 1 in Poison Magic
  1089 | D:2      | Noticed Natasha
  1096 | D:2      | Killed Natasha
  1417 | D:3      | Reached XP level 5. HP: 36/40 MP: 10/12
  1700 | D:3      | Noticed Terence
  1706 | D:3      | Killed Terence
  1729 | D:3      | Found a hazy altar of Hepliaklqana.
  1734 | D:3      | Became a worshipper of Hepliaklqana the Forgotten
  2216 | D:4      | Found a bloodstained altar of Trog.
  2367 | D:4      | Reached XP level 6. HP: 47/47 MP: 9/14
  2373 | D:4      | Noticed a black bear
  2420 | D:4      | Reached skill level 5 in Dodging
  2423 | D:4      | Killed a black bear
  2552 | D:4      | Reached * piety under Hepliaklqana
  2581 | D:4      | Noticed Sigmund
  2591 | D:4      | Killed Sigmund
  2592 | D:4      | Reached skill level 7 in Unarmed Combat
  2592 | D:4      | Reached XP level 7. HP: 43/47 MP: 12/15
  2772 | D:4      | Found Son Hurany's Armour Shoppe.
  2839 | D:4      | Identified the +8 whip of Jevud {holy, Int+2 Dex+2}
  3027 | D:5      | Entered Level 5 of the Dungeon
  3376 | D:5      | Reached XP level 8. HP: 26/54 MP: 10/16
  3888 | D:5      | Found a hide-covered altar of Uskayaw.
  4054 | D:5      | Found a blossoming altar of Fedhas.
  4076 | D:5      | Noticed an oklob plant
  4244 | D:6      | Reached skill level 5 in Transmutations
  4345 | D:6      | Noticed Edmund
  4358 | D:6      | Reached XP level 9. HP: 46/59 MP: 16/18
  4415 | D:6      | Found a snail-covered altar of Cheibriados.
  4560 | D:6      | Reached skill level 5 in Fighting
  4664 | D:6      | Killed Edmund
  4797 | D:6      | Reached ** piety under Hepliaklqana
  4798 | D:6      | Remembered your ancestor Tuba as a hexer
  4813 | D:6      | Learned a level 3 spell: Swiftness
  5082 | D:7      | Found a flagged portal.
  5091 | D:7      | Reached skill level 8 in Unarmed Combat
  5097 | Bailey   | Entered a bailey
  5353 | Bailey   | Reached skill level 5 in Invocations
  5506 | Bailey   | Noticed a gargoyle
  5534 | Bailey   | Mangled by a gargoyle

Illustrated notes

Levels and vault maps discovered:
D:1:      shiori_shiawase, layout_basic, dreamdust_ecumenical_altar_grove,
          amcnicky_mini_corridor_feature
D:2:      layout_basic, serial_shops, nicolae_shop_crystal, uniq_natasha
D:3:      minmay_evil_eye, layout_loops_ring, lemuel_doored_altar, serial_glass,
          glass_columns_a, glass_columns_a, glass_columns_a, uniq_terence
D:4:      layout_basic, nicolae_overflow_hidden_temple, serial_shops,
          nicolae_stop_n_shop_1, columned_hall_lemuel, uniq_sigmund
D:5:      layout_loops_ring, amcnicky_altar_gilded, tgw_fedhas,
          kennysheep_another_room
D:6:      layout_rooms, cheibriados_altar_1, uniq_edmund
D:7:      layout_cave_pools, minmay_temple_entry_tees, enter_bailey_2
Bailey:   bailey_polearm_vampire_castle_hellmonk, bailey

Skill      XL: |  1  2  3  4  5  6  7  8  9 |
---------------+----------------------------+-----
Spellcasting   | 5 6 |  6.9
Short Blades   | 1 2 3 4 |  4.7
Long Blades    | 1 2 3 4 |  4.7
Axes           | 1 2 3 4 |  4.7
Maces & Flails | 1 2 3 4 |  4.7
Polearms       | 1 2 3 4 |  4.7
Staves         | 1 2 3 4 |  4.7
Ranged Weapons | 1 2 3 4 |  4.7
Throwing       | 1 2 3 4 |  4.7
Armour         | 1 2 3 4 |  4.7
Stealth        | 1 2 3 4 |  4.7
Shields        | 1 2 3 4 |  4.7
Invocations    | 1 2 3 4 5 |  5.2
Evocations     | 1 2 3 4 |  4.7
Conjurations   | 1 2 3 |  3.9
Hexes          | 1 2 3 |  3.9
Summonings     | 1 2 3 |  3.9
Necromancy     | 1 2 3 |  3.9
Translocations | 1 2 3 |  3.9
Fire Magic     | 1 2 3 |  3.9
Ice Magic      | 1 2 3 |  3.9
Air Magic      | 1 2 3 |  3.9
Earth Magic    | 1 2 3 |  3.9
Poison Magic   | 1 2 3 |  3.9
Fighting       | 3 4 5 |  5.4
Transmutations | 4 5 |  5.5
Dodging        | 5 6 |  6.6
Unarmed Combat | 7 8 |  8.1

Action                   |  1- 3 |  4- 6 |  7- 9 || total
-------------------------+-------+-------+-------++-------
Melee: Unarmed           |    20 |    62 |   251 ||   333
       Short sword       |    30 |    32 |     7 ||    69
       Kick              |     5 |     4 |       ||     9
       Headbutt          |     5 |     5 |       ||    10
       Bite              |     3 |     1 |       ||     4
       Punch             |     1 |       |     1 ||     2
 Cast: Beastly Appendage |    15 |     9 |       ||    24
       Spider Form       |     2 |    14 |    32 ||    48
       Wereblood         |       |       |     1 ||     1
Invok: Ancestor Identity |       |     1 |     2 ||     3
       Recall Ancestor   |       |       |     1 ||     1
       Ancestor Life: He |       |       |     1 ||     1
  Use: Scroll            |       |     7 |     2 ||     9
       Potion            |       |       |     2 ||     2
 Stab: Sleeping          |     1 |     2 |     4 ||     7
       Distracted        |       |       |     3 ||     3
       Confused          |       |       |     3 ||     3
Armor: Robe              |     9 |     3 |       ||    12
       Skin              |     2 |     1 |     7 ||    10
Dodge: Dodged            |    32 |    64 |   252 ||   348

Table legend: (Time is in decaauts)
 A = Elapsed time spent in this place.
 B = Non-inter-level travel time spent in this place.
 C = Inter-level travel time spent in this place.
 D = Time resting spent in this place.
 E = Time spent auto-exploring this place.
 F = Levels seen in this place.
 G = Mean time per level.
                   A        B        C        D        E       F      G
               +--------+--------+--------+--------+--------+-----+--------+
         Total |   5496 |   5354 |    142 |   1218 |   2968 |   8 |  687.0 |
       Dungeon |   5074 |   4932 |    142 |   1047 |   2954 |   7 |  724.9 |
        Bailey |    422 |    422 |      0 |    171 |     14 |   1 |  422.0 |
               +--------+--------+--------+--------+--------+-----+--------+

Top non-repeatable levels by time:
     D:5: 1182 daAuts
     D:3: 943 daAuts
     D:6: 847 daAuts
     D:4: 805 daAuts
     D:2: 693 daAuts
     D:1: 581 daAuts
  Bailey: 422 daAuts
     D:7: 19 daAuts
